cohdb
Replays
Latest Replays
All Replays
Popular Replays
Top Player Replays
Match Explorer
How It Works
Community
CoH3 Stats
Reddit
Sign in to upload your games and track your stats! →
Sign in with Steam
Match 37971430
Unlisted
Match 37971430
Overview
Messages
Build Orders
End
Construct Weapon Support Center
Selects Armored Battlegroup
Selects Assault Engineers
Assault Engineer Squad
M1919 Machine Gun Team
M1919 Machine Gun Team
Mechanized Support Center
M3 Armored Personnel Carrier
Assault Engineer Squad
Selects M31 Recovery Vehicle
M31 Recovery Vehicle
M3 Armored Personnel Carrier
Assault Engineer Squad
Construct Tank Depot
Bazooka Squad
Selects Strength in Steel
Selects War Machine
Selects Fast Deploy
M4A1 Sherman Medium Tank
M4A1 Sherman Medium Tank
Assault Engineer Squad
M4A1 Sherman Medium Tank
M4A1 76mm Conversion
Improvised Armor
Assault Engineer Squad
Selects Seek and Destroy
Selects UNKNOWN (2160077)
Microsoft Outlook
deadsadbadmad
K_SCHNAPPIE_N
K_TimmyTheGlowMage_N
0
0
Comments
sign in to comment!
No comments posted yet!